 Dungeon Crawl Stone Soup version 0.29.1-1-gd02db6906a (webtiles) character file.

Game seed: 12349981031026265104

4 fireball365 the Digger (level 1, -1/14 HPs)
             Began as a Demigod Earth Elementalist on Oct 7, 2022.
             Frozen to death by an endoplasm (4 damage)
             ... on level 1 of the Dungeon.
             The game lasted 00:00:25 (84 turns).

fireball365 the Digger (Demigod Earth Elementalist)   Turns: 84, Time: 00:00:26

Health: -1/14      AC:  2    Str:  9    XL:     1   Next: 40%
Magic:  0/5        EV: 12    Int: 17    God:
Gold:   0          SH:  0    Dex: 14    Spells: 2/3 levels left

rFire   . . .      SeeInvis .   (no weapon)
rCold   . . .      Faith    .   (no shield)
rNeg    . . .      Spirit   .   a - +0 robe
rPois   .          Reflect  .   (no helmet)
rElec   .          Harm     .   (no cloak)
rCorr   .          Rampage  .   (no gloves)
Will    .....                   (no boots)
Stlth   ++........              (no amulet)
HPRegen 0.04/turn               (no ring)
MPRegen 0.09/turn               (no ring)

@: no status effects
A: high MP 1, forlorn, divine attributes
a: no special abilities


You were on level 1 of the Dungeon.
You visited 1 branch of the dungeon, and saw 1 of its levels.

Inventory:

Armour
 a - a +0 robe (worn)
Jewellery
 c - an amulet of regeneration
Potions
 b - a potion of magic


   Skills:
 + Level 1.7 Dodging
 + Level 1.7 Stealth
 + Level 1.7 Spellcasting
 + Level 0.8 Transmutations
 + Level 3.0 Earth Magic


You had 2 spell levels left.
You knew the following spells:

 Your Spells              Type           Power      Damage    Failure   Level
a - Sandblast             Erth           22%        2d7       6%          1

Your spell library contained the following spells:

 Spells                   Type           Power      Damage    Failure   Level
 Passwall                 Tmut/Erth      6%         N/A       14%         2
 Stone Arrow              Conj/Erth      12%        3d7       32%         3
 Petrify                  Tmut/Erth      8%         N/A       65%         4


Dungeon Overview and Level Annotations

Branches:
Dungeon (1/15)


Innate Abilities, Weirdness & Mutations

You have an increased reservoir of magic. (+10% MP)
You shall have no god before yourself.
Your divine heritage dramatically boosts your attributes as you level up.


Message History

The blast of sand hits the jackal.
You kill the jackal!
An endoplasm comes into view.
The blast of sand hits the jackal!
You kill the jackal!
The blast of sand hits the jackal!
You kill the jackal!
The jackal bites you.
Your Earth Magic skill increases to level 3!
The blast of sand hits the jackal.
The jackal is moderately wounded.
The jackal closely misses you. x2
You are out of magic!
You are out of magic!
You are out of magic!
You are out of magic!
The jackal barely misses you. The jackal closely misses you.
The jackal barely misses you. The jackal completely misses you.
The jackal bites you but does no damage.
The jackal attacks as you move away! The jackal bites you.
The endoplasm attacks as you move away! The endoplasm closely misses you.
The jackal attacks as you move away! The jackal barely misses you.
The endoplasm freezes you.
You are frozen.
The jackal bites you. The jackal barely misses you. The endoplasm hits you.
* * * LOW HITPOINT WARNING * * *
You are too injured to fight recklessly!
Casting: Sandblast (safe; 6% risk of failure)
Confirm with . or Enter, or press ? or * to list all spells.
Aiming: Sandblast (safe; 6% risk of failure)
Press: ? - help, Shift-Dir - straight line, f/p - jackal
Aim: a jackal (moderately wounded, 77% to hit)
The blast of sand hits the jackal.
The jackal is severely wounded.
The jackal bites you but does no damage.
The endoplasm freezes you.
You are frozen.
You die...

........# P.P♣.P#.#
#....### PPP.♣P#..
#...'.# ....PP#..
##...#.##########..
.
#...............#..
..
#.....#########...#
... #.....# ##.##
...$ #.....# ###
.....#.@...# ##
#..hJ..#######...
#................
####.............
###....†....#
###.....### #######


You could see an endoplasm and a jackal.

Vanquished Creatures
  3 jackals (D:1)
3 creatures vanquished.

Notes
Turn   | Place    | Note
-------+----------+-------------------------------------------
     0 | D:1      | fireball365 the Demigod Earth Elementalist began the quest
                  | for the Orb.
     0 | D:1      | Reached XP level 1. HP: 14/14 MP: 5/5
    73 | D:1      | Reached skill level 3 in Earth Magic
    84 | D:1      | Frozen to death by an endoplasm

Illustrated notes

Levels and vault maps discovered:
D:1:      minmay_arrival_arboretum_small, layout_basic,
          hellmonk_ecumenical_altar_zigzags

Skill      XL: |  1 |
---------------+----+-----
Earth Magic    | 3 |  3.0
Dodging        | |  1.7
Stealth        | |  1.7
Spellcasting   | |  1.7
Transmutations | |  0.8

Action                   || total
-------------------------++-------
 Cast: Sandblast         ||     6
Armor: Robe              ||     2
Dodge: Dodged            ||    10
